 Dungeon Crawl Stone Soup version 0.28.0-53-g5a82cb258f (webtiles) character file.

Game seed: 10644038321039719268

137160 raph the Warrior (level 16, -1/149 HPs)
             Began as a Minotaur Fighter on June 4, 2022.
             Was a High Priest of Okawaru.
             Killed from afar by an ogre mage (26 damage)
             ... with a bolt of magma
             ... while paralysed by an ogre mage
             ... on level 2 of the Orcish Mines.
             The game lasted 00:36:01 (34587 turns).

raph the Warrior (Minotaur Fighter)                Turns: 34587, Time: 00:36:01

Health: -1/149     AC: 20    Str: 22    XL:     16   Next: 68%
Magic:  21/21      EV:  2    Int:  5    God:    Okawaru [*****.]
Gold:   677        SH:  0    Dex: 20    Spells: 14/15 levels left

rFire   . . .      SeeInvis .   a - +5 scimitar
rCold   + + +      Faith    .   c - +0 buckler
rNeg    . . .      Spirit   .   e - +0 ice dragon scales
rPois   .          Reflect  +   h - +0 hat "Ejido" {rElec rC+ Dex+3}
rElec   +          Harm     .   T - +0 cloak {rCorr}
rCorr   +          Rampage  .   f - +1 pair of gloves
Will    +....                   g - +1 pair of boots
Stlth   ..........              W - amulet of reflection
HPRegen 0.34/turn               P - ring of protection from fire
MPRegen 0.17/turn               V - +4 ring of slaying

@: paralysed
A: horns 2, retaliatory headbutt
a: Renounce Religion, Heroism, Finesse, Duel


You were on level 2 of the Orcish Mines.
You worshipped Okawaru.
Okawaru was extremely pleased with you.
You visited 4 branches of the dungeon, and saw 21 of its levels.
You also visited: Sewer, Bailey and Ice Cave.

You collected 1569 gold pieces.
You spent 892 gold pieces at shops.

Inventory:

Hand Weapons
 a - a +5 scimitar (weapon)
 b - the +3 whip of Eternal War {spect, Fly Str+3 SInv Stlth+}
   (You found it on level 2 of the Dungeon)

   When its wielder attacks, the weapon's spirit leaps out and strikes again.
   The spirit shares a part of any damage it takes with its wielder.
   Str:       It affects your strength (+3).
   SInv:      It lets you see invisible.
   Fly:       It grants you flight.
   Stlth:     It makes you more stealthy.
 x - a +1 long sword
 E - a +0 scimitar of freezing
Missiles
 r - 25 poisoned darts
 u - 18 boomerangs (quivered)
 K - 3 silver javelins
 L - 3 javelins
Armour
 c - a +0 buckler (worn)
 e - +0 ice dragon scales (worn)
 f - a +1 pair of gloves (worn)
 g - a +1 pair of boots (worn)
 h - the +0 hat "Ejido" (worn) {rElec rC+ Dex+3}
   (Okawaru gifted it to you on level 12 of the Dungeon)

   Dex:       It affects your dexterity (+3).
   rC:        It protects you from cold.
   rElec:     It insulates you from electricity.
 s - a +0 plate armour
 Q - a +0 hat of willpower
 T - a +0 cloak of preservation (worn)
Jewellery
 d - a +4 ring of evasion
 i - a ring of protection from cold
 P - a ring of protection from fire (left hand)
 U - a ring of see invisible
 V - a +4 ring of slaying (right hand)
 W - an amulet of reflection (around neck)
Wands
 y - a wand of flame (39)
 B - a wand of iceblast (19)
 I - a wand of acid (4)
Scrolls
 q - 2 scrolls of silence
 t - 3 scrolls of fear
 A - 5 scrolls of identify
 C - 2 scrolls of magic mapping
 D - 10 scrolls of teleportation
 R - a scroll of blinking
 X - a scroll of amnesia
Potions
 j - 5 potions of mutation
 k - 4 potions of brilliance
 m - 10 potions of curing
 n - 13 potions of heal wounds
 o - 4 potions of attraction
 p - 3 potions of resistance
 v - 4 potions of magic
 w - 4 potions of might
 z - 3 potions of haste
 F - a potion of flight
 G - a potion of lignification
 H - 3 potions of berserk rage
 S - 2 potions of ambrosia
Miscellaneous
 M - a lightning rod (inert)
 N - a phial of floods


   Skills:
 * Level 15.3 Fighting
 - Level 14.0 Long Blades
 + Level 7.9 Throwing
 + Level 12.7 Armour
 + Level 10.9 Dodging
 + Level 12.9 Shields
 + Level 9.2 Invocations
 + Level 6.4 Evocations


You had 14 spell levels left.
You knew the following spells:

 Your Spells              Type           Power      Damage    Failure   Level
a - Apportation           Tloc           0%         N/A       83%         1

Your spell library contained the following spells:

 Spells                   Type           Power      Damage    Failure   Level
 Freeze                   Ice            0%         1d3       83%         1
 Magic Dart               Conj           0%         1d3       83%         1
 Pain                     Necr           0%         1d4       83%         1
 Static Discharge         Conj/Air       0%         N/A       93%         2
 Conjure Flame            Conj/Fire      0%         6-21      99%         3
 Frozen Ramparts          Ice            0%         1d2       99%         3
 Ignite Poison            Fire/Tmut/Pois 0%         N/A       99%         3
 Mephitic Cloud           Conj/Pois/Air  0%         N/A       99%         3
 Ozocubu's Armour         Ice            0%         N/A       99%         3
 Vampiric Draining        Necr           0%         2d6       99%         3
 Dispel Undead            Necr           0%         3d6       100%        4
 Fulminant Prism          Conj/Hex       0%         3d6       100%        4
 Hailstorm                Conj/Ice       0%         3d3       100%        4
 Ice Form                 Ice/Tmut       0%         N/A       100%        4
 Iskenderun's Mystic Bla  Conj/Tloc      0%         2d3       100%        4
 Sticky Flame             Conj/Fire      0%         2d3       100%        4
 Alistair's Intoxication  Tmut/Pois      0%         N/A       100%        5
 Freezing Cloud           Conj/Ice/Air   0%         6-21      100%        5
 Irradiate                Conj/Tmut      0%         3d13      100%        5
 Lee's Rapid Deconstruct  Erth           0%         3d5*      100%        5
 Lightning Bolt           Conj/Air       0%         1d11      100%        5
 Starburst                Conj/Fire      0%         6d3       100%        6
 Dragon Form              Tmut           0%         N/A       100%        7
 Ozocubu's Refrigeration  Ice            0%         4d5       100%        7
 Maxwell's Capacitive Co  Air            0%         ∞         100%        8
 Polar Vortex             Ice            0%         N/A       100%        9
 Animate Skeleton         Necr           Unusable   N/A       N/A         1
 Call Imp                 Summ           Unusable   N/A       N/A         2
 Summon Ice Beast         Ice/Summ       Unusable   N/A       N/A         4
 Simulacrum               Ice/Necr       Unusable   N/A       N/A         6

Dungeon Overview and Level Annotations

Branches:
Dungeon (12/15)            Temple (1/1) D:5            Lair (6/6) D:8
  Swamp (0/4) Lair:4        Snake (0/4) Lair:2        Slime (0/5) Lair:5
    Orc (2/2) D:11          Sewer (visited)          Bailey (visited)
  IceCv (visited)
    Elf: Orc:2

Altars:
Ashenzari
Cheibriados
Dithmenos
Elyvilon
Fedhas
Gozag
Hepliaklqana
Kikubaaqudgha
Makhleb
Nemelex Xobeh
Okawaru
Qazlal
Ru
Sif Muna
Trog
Uskayaw
Vehumet
Wu Jian
Xom
Yredelemnul
Zin
The Shining One

Shops:
D:2 !   D:4 !   D:11 :   Orc:2 (

Annotations:
D:7 exclusion: obsidian statue
D:9 3 runed translucent doors, SHADDY's ghost, novice DgTm
Lair:3 1 runed translucent door
Lair:5 3 runed translucent doors, exclusion: 3 oklob plants, FLACIDUS's ghost, journeyman DsEE; Thalamas's ghost, journeyman MiBe; zielscheibe's ghost, journeyman VSAK


Innate Abilities, Weirdness & Mutations

You have a pair of horns on your head.
You reflexively headbutt those who attack you in melee.


Message History

You slash the ogre mage!
The ogre mage is heavily wounded.
An orc comes into view. It is wielding a +0 mace.
The ogre mage casts a spell at you. The bolt of magma misses you.
You block the troll's attack. The troll closely misses you.
The troll claws you!
You slash the ogre mage!
The ogre mage is severely wounded.
The two-headed ogre hits you with a +0 giant club!!
You block the two-headed ogre's attack.
A two-headed ogre comes into view.
It is wielding a +0 dire flail and a +0 giant club.
The deep troll completely misses you. You block the deep troll's attack. x2
The ogre mage casts a spell at you.
You suddenly lose the ability to move!
The two-headed ogre shouts in stereo!
You hear a shout!
The troll bites you but does no damage.
The troll claws you but does no damage. x2
The orc priest looks satisfied for a moment.
A troll comes into view.
The two-headed ogre hits you with a +0 giant club! x2
A troll comes into view.
The deep troll bites you but does no damage.
The deep troll claws you but does no damage. x2
The ogre mage points at you and mumbles some strange words.
You shrug off the repeated paralysis!
The troll shouts!
The troll bites you but does no damage.
The troll claws you but does no damage. x2
Something hits you.
A troll comes into view.
An orc comes into view. It is wielding a +0 dagger.
The deep troll bites you!
* * * LOW HITPOINT WARNING * * *
The deep troll claws you.
* * * LOW HITPOINT WARNING * * *
The deep troll completely misses you.
The two-headed ogre hits you with a +0 giant club!
* * * LOW HITPOINT WARNING * * *
The two-headed ogre barely misses you.
The ogre mage gestures at you while chanting.
The bolt of magma hits you!!
You die...

#..... # ######......
### ##.##.#...... ..##
##............ ...#
#...##...O..T. ...#
#....#TOOO.OTT ..######
###....TOO.Oo.∩
.##.##.###.#)...@O.Oo...
............).).To.#o..o
.##.........)##...## .
####.#....#.###......
#####.#### ##...... ###
##...... #..... .....


You could see 5 two-headed ogres, an ogre mage, a deep troll, 5 trolls, 2 orc
warriors, 4 ogres, an orc priest and 2 orcs.

Vanquished Creatures
  A dire elephant (Lair:2)
  10 hydras
  A merfolk avatar (Lair:6)
  3 boulder beetles
  6 two-headed ogres
  3 catoblepae
  An alligator (Lair:2)
  Nergalle (D:12)
  A deep troll (Orc:2)
  2 bog bodies
  A necromancer (IceCv)
  A harpy (Lair:6)
  2 deep elf pyromancers (D:12)
  2 lindwurms (Lair:1)
  An orc knight (Bailey)
  2 manticores
  An oklob plant (Lair:4)
  An ugly thing (D:11)
  17 elephants
  4 black mambas
  3 cyclopes
  An ice statue (IceCv)
  2 torpor snails (Lair:2)
  A gargoyle (D:11)
  11 cane toads
  11 rime drakes
  An anaconda simulacrum (IceCv)
  14 ice devils
  6 freezing wraiths
  An entropy weaver simulacrum (IceCv)
  9 komodo dragons
  6 trolls
  Prince Ribbit (D:9)
  A polar bear (Lair:6)
  6 blink frogs
  3 wind drakes (Lair:6)
  6 hornets
  4 slime creatures (D:12)
  A snapping turtle (Lair:6)
  A shadow (D:10)
  A wraith (D:11)
  3 wyverns
  3 dire elephant simulacra (IceCv)
  45 yaks
  Eustachio (D:6)
  3 basilisks
  2 steam dragons
  3 death yak simulacra (IceCv)
  Menkaure (D:4)
  3 wargs
  A harpy simulacrum (IceCv)
  An acid dragon (D:10)
  5 water moccasins
  2 black bears
  A hornet zombie (D:5)
  20 orc warriors
  12 ogres
  18 wolves
  6 centaurs
  A phantom (D:6)
  4 kobold brigands
  3 two-headed ogre simulacra (IceCv)
  9 bullfrogs
  6 scorpions
  2 gnoll sergeants
  4 cane toad simulacra (IceCv)
  A wyvern zombie (D:5)
  A water moccasin skeleton (D:3)
  5 elephant simulacra (IceCv)
  6 killer bees (D:4)
  8 howler monkeys
  5 wights
  11 electric eels
  2 jellies (D:6)
  A bullfrog zombie (D:7)
  3 centaur skeletons
  5 centaur zombies
  4 hounds
  7 orc priests
  2 bullfrog skeletons
  Natasha (twice) (D:3)
  4 iguanas
  10 orc wizards
  A spriggan simulacrum (IceCv)
  6 hell rats
  A troll simulacrum (IceCv)
  2 killer bee zombies
  7 polar bear simulacra (IceCv)
  A wolf simulacrum (IceCv)
  A centaur simulacrum (D:10)
  A hound skeleton (D:3)
  3 hound zombies
  2 howler monkey zombies
  11 gnolls
  A howler monkey skeleton (D:7)
  6 adders
  2 river rats (D:5)
  A shadow imp (D:6)
  2 ufetubi
  An adder skeleton (D:4)
  An adder zombie (D:3)
  2 worms (D:2)
  4 dart slugs
  42 orcs
  13 ball pythons
  9 endoplasms
  7 giant cockroaches
  11 goblins
  5 hobgoblins
  3 jackals (D:1)
  21 kobolds
  4 quokkas
  3 ball python skeletons (D:3)
  A ball python zombie (D:3)
  9 bats
  3 frilled lizards
  A jackal zombie (D:3)
  A quokka skeleton (D:3)
  A quokka zombie (D:3)
  5 rats
582 creatures vanquished.

Vanquished Creatures (others)
  42 fungi
  96 plants
  14 withered plants
152 creatures vanquished.

Grand Total: 734 creatures vanquished

Notes
Turn   | Place    | Note
-------+----------+-------------------------------------------
     0 | D:1      | raph the Minotaur Fighter began the quest for the Orb.
     0 | D:1      | Reached XP level 1. HP: 19/19 MP: 0/0
   162 | D:1      | Found Wyzie's Distillery.
   170 | D:1      | Reached XP level 2. HP: 26/26 MP: 1/1
   258 | D:1      | Found a faded altar of an unknown god.
   356 | D:1      | You fall into a shaft and drop 1 floor!
   422 | D:2      | Identified the +3 whip of Eternal War {spect, Fly Str+3
                  | SInv Stlth+}
   757 | D:2      | Reached XP level 3. HP: 31/31 MP: 2/2
  1202 | D:1      | Bought a potion of curing for 30 gold pieces
  1202 | D:1      | Bought a potion of heal wounds for 50 gold pieces
  1229 | D:2      | Found Lotiz's Distillery.
  1475 | D:2      | Reached skill level 5 in Long Blades
  1929 | D:3      | Noticed a scorpion
  1938 | D:3      | Killed a scorpion
  1939 | D:3      | Reached XP level 4. HP: 25/39 MP: 3/3
  2209 | D:3      | Reached XP level 5. HP: 45/45 MP: 4/4
  2367 | D:3      | Noticed Natasha
  2382 | D:3      | Killed Natasha
  2484 | D:3      | Reached XP level 6. HP: 50/51 MP: 5/5
  2672 | D:3      | Noticed Natasha
  2678 | D:3      | Killed Natasha
  3098 | D:4      | Noticed Menkaure
  3103 | D:4      | Killed Menkaure
  3269 | D:4      | Reached XP level 7. HP: 37/57 MP: 6/6
  3279 | D:4      | Reached skill level 10 in Long Blades
  3560 | D:1      | Bought 2 potions of curing for 60 gold pieces
  4014 | D:4      | Found Guuschui's Distillery.
  4495 | D:5      | Entered Level 5 of the Dungeon
  4533 | D:5      | Found an opulent altar of Gozag.
  4552 | D:5      | Reached XP level 8. HP: 59/64 MP: 7/7
  4733 | D:5      | Found a glowing drain.
  4797 | Sewer    | Entered a sewer
  5448 | D:5      | Reached skill level 1 in Dodging
  5653 | D:5      | Reached skill level 4 in Fighting
  6354 | D:5      | Reached XP level 9. HP: 41/72 MP: 8/8
  6655 | D:5      | Found a staircase to the Ecumenical Temple.
  6667 | Temple   | Entered the Ecumenical Temple
  6775 | Temple   | Became a worshipper of Warmaster Okawaru
  7428 | D:6      | Reached skill level 5 in Fighting
  7482 | D:6      | Reached skill level 5 in Armour
  7482 | D:6      | Reached skill level 5 in Shields
  7576 | D:6      | Reached * piety under Okawaru
  7819 | D:4      | Bought a potion of haste for 100 gold pieces
  7918 | D:6      | Noticed Eustachio
  7925 | D:6      | Killed Eustachio
  8426 | D:7      | Found a shimmering altar of Xom.
  8440 | D:7      | Identified the +1 ring mail of the Pit {Str+4}
  8871 | D:7      | Reached skill level 1 in Invocations
  9011 | D:7      | Got Wedghierph's Guide on Flamy Transmutation
  9056 | D:7      | Reached skill level 6 in Fighting
  9278 | D:7      | Noticed a troll
  9286 | D:7      | Killed a troll
  9289 | D:7      | Reached ** piety under Okawaru
  9424 | D:7      | Identified the +3 ring mail of Lust {rC+ rCorr}
  9907 | D:7      | Noticed an obsidian statue
  9908 | D:7      | Noticed a smoke demon
 10274 | D:8      | Found a flagged portal.
 10313 | D:8      | Reached XP level 10. HP: 83/83 MP: 10/10
 10319 | Bailey   | Entered a bailey
 10546 | Bailey   | Noticed an orc knight
 10571 | Bailey   | Killed an orc knight
 10763 | Bailey   | Reached skill level 5 in Dodging
 11079 | Bailey   | Found a large runed translucent door.
 11079 | Bailey   | Found a large runed translucent door.
 11080 | Bailey   | Noticed a deep elf zephyrmancer
 11232 | D:8      | Found a staircase to the Lair.
 11850 | D:9      | Found a runed translucent gate.
 11850 | D:9      | Found a runed translucent gate.
 11850 | D:9      | Found a runed translucent gate.
 11850 | D:9      | Noticed Prince Ribbit
 11859 | D:9      | Killed Prince Ribbit
 11916 | D:9      | Noticed SHADDY's ghost (novice DgTm)
 11917 | D:9      | Noticed a spectral centaur warrior
 11965 | D:9      | Reached skill level 7 in Fighting
 12017 | D:9      | Reached *** piety under Okawaru
 12243 | D:9      | Noticed a two-headed ogre
 12254 | D:9      | Killed a two-headed ogre
 12450 | D:9      | Noticed a two-headed ogre
 12458 | D:9      | Killed a two-headed ogre
 12458 | D:9      | Reached **** piety under Okawaru
 12459 | D:9      | Reached XP level 11. HP: 42/94 MP: 10/13
 12686 | D:9      | Paralysed by a hornet for 3 turns
 13492 | D:9      | Found a bloodstained altar of Trog.
 13599 | Lair:1   | Entered Level 1 of the Lair of Beasts
 13708 | Lair:1   | Noticed a four-headed hydra
 13740 | Lair:1   | Killed a four-headed hydra
 13741 | Lair:1   | Reached skill level 8 in Fighting
 13816 | Lair:1   | Reached ***** piety under Okawaru
 14270 | Lair:1   | Noticed a lindwurm
 14272 | Lair:1   | Noticed a lindwurm
 14289 | Lair:1   | Killed a lindwurm
 14290 | Lair:1   | Reached skill level 5 in Invocations
 14294 | Lair:1   | Killed a lindwurm
 15180 | Lair:2   | Found a staircase to the Snake Pit.
 15330 | Lair:2   | Noticed a seven-headed hydra
 15338 | Lair:2   | Killed a seven-headed hydra
 15339 | Lair:2   | Reached skill level 9 in Fighting
 15965 | Lair:2   | Received a gift from Okawaru
 16613 | Lair:2   | Noticed an alligator
 16637 | Lair:2   | Killed an alligator
 16645 | Lair:2   | Received a gift from Okawaru
 16923 | Lair:2   | Reached XP level 12. HP: 76/105 MP: 15/15
 17294 | Lair:2   | Noticed a dire elephant
 17308 | Lair:2   | Reached skill level 1 in Throwing
 17323 | Lair:2   | Killed a dire elephant
 17781 | Lair:2   | Received a gift from Okawaru
 17782 | Lair:2   | Reached skill level 10 in Fighting
 17961 | Lair:3   | Reached skill level 10 in Armour
 17991 | Lair:3   | Found a runed translucent door.
 18001 | Lair:3   | Reached skill level 1 in Evocations
 18012 | Lair:3   | Noticed an eight-headed hydra
 18272 | Lair:3   | Noticed a four-headed hydra
 18281 | Lair:3   | Killed a four-headed hydra
 18282 | Lair:3   | Reached skill level 10 in Shields
 19008 | Lair:3   | Received a gift from Okawaru
 19125 | Lair:4   | Found a staircase to the Swamp.
 19178 | Lair:3   | HP: 3/107 [bog body (23)]
 20590 | Lair:3   | Reached skill level 11 in Fighting
 21429 | Lair:4   | Received a gift from Okawaru
 21870 | Lair:4   | Reached XP level 13. HP: 111/116 MP: 17/17
 22198 | Lair:5   | Found a shimmering blue altar of Sif Muna.
 22609 | Lair:5   | Reached ****** piety under Okawaru
 22831 | Lair:5   | Found a runed translucent gate.
 22832 | Lair:5   | Found a runed translucent gate.
 23192 | Lair:5   | Found a runed translucent gate.
 23580 | Lair:5   | Learned a level 1 spell: Apportation
 23785 | Lair:5   | Noticed zielscheibe's ghost (journeyman VSAK)
 23785 | Lair:5   | Noticed FLACIDUS's ghost (journeyman DsEE)
 23785 | Lair:5   | Noticed Thalamas's ghost (journeyman MiBe)
 23855 | Lair:5   | Found a staircase to the Slime Pits.
 23976 | Lair:6   | Entered Level 6 of the Lair of Beasts
 23982 | Lair:6   | Reached skill level 12 in Fighting
 24511 | Lair:6   | Reached skill level 5 in Throwing
 24530 | Lair:6   | Identified the +0 ring mail of Jetiama {rPois MP+9 Dex+2}
                  | (Okawaru gifted it to you on level 6 of the Lair of Beasts)
 24530 | Lair:6   | Received a gift from Okawaru
 26020 | Lair:6   | Reached skill level 13 in Fighting
 26029 | Lair:6   | Reached XP level 14. HP: 105/129 MP: 19/19
 26037 | Lair:6   | Reached skill level 10 in Dodging
 26544 | Lair:6   | Found a bloodstained altar of Trog.
 27537 | D:10     | Entered Level 10 of the Dungeon
 27779 | D:10     | Found the +4 dagger "Morg" {pain, Will+ Int+5}
 28136 | D:10     | Found a hazy altar of Hepliaklqana.
 28180 | D:10     | Found the +8 frozen axe "Frostbite" {freezing cloud, *Noise
                  | Fly rC+}
 28824 | D:11     | Found Bijoa's Book Boutique.
 29575 | D:1      | Bought a potion of heal wounds for 50 gold pieces
 29575 | D:1      | Bought 2 potions of berserk rage for 100 gold pieces
 29575 | D:1      | Bought a potion of curing for 30 gold pieces
 29575 | D:1      | Bought a potion of heal wounds for 50 gold pieces
 29575 | D:1      | Bought a potion of curing for 30 gold pieces
 29608 | D:2      | Bought a potion of haste for 140 gold pieces
 29608 | D:2      | Bought a potion of curing for 42 gold pieces
 29608 | D:2      | Bought a potion of heal wounds for 70 gold pieces
 29608 | D:2      | Bought a potion of heal wounds for 70 gold pieces
 29700 | D:4      | Bought a potion of might for 40 gold pieces
 29700 | D:4      | Bought a potion of curing for 30 gold pieces
 29867 | D:11     | Reached skill level 5 in Evocations
 29867 | D:11     | Reached XP level 15. HP: 137/137 MP: 20/20
 29868 | D:11     | Reached skill level 14 in Fighting
 29868 | D:11     | Reached XP level 16. HP: 147/147 MP: 21/21
 30797 | D:11     | Found a staircase to the Orcish Mines.
 31689 | D:12     | Identified the +0 hat "Ejido" {rElec rC+ Dex+3} (Okawaru
                  | gifted it to you on level 12 of the Dungeon)
 31689 | D:12     | Received a gift from Okawaru
 31719 | D:12     | Noticed Nergalle
 31728 | D:12     | Killed Nergalle
 32680 | Orc:1    | Entered Level 1 of the Orcish Mines
 32808 | Orc:2    | Entered Level 2 of the Orcish Mines
 32898 | Orc:1    | Found a frozen archway.
 32939 | IceCv    | Entered an ice cave
 33268 | IceCv    | Reached skill level 15 in Fighting
 33500 | IceCv    | Found an ancient bone altar of Kikubaaqudgha.
 34583 | Orc:2    | Found Unugamor's Weapon Shoppe.
 34585 | Orc:2    | Paralysed by an ogre mage for 2 turns
 34587 | Orc:2    | Killed from afar by an ogre mage

Illustrated notes

Levels and vault maps discovered:
D:1:      dpeg_arrival_more_subterranean_lakeside_camping, layout_basic,
          serial_shops, shop, dreamdust_ecumenical_altar_statues
D:2:      layout_loops_corners, serial_shops, nicolae_shop_statue_plus
D:3:      layout_loops_ring, serial_undead, serial_undead_e, serial_undead_d,
          serial_undead_a, serial_undead_b, serial_undead_d, serial_undead_a,
          serial_undead_c, serial_undead_a, serial_undead_e, serial_undead_a,
          chequers_serial_rivers_micro_a, serial_bayou_lagoon_a, uniq_natasha
D:4:      layout_gridville, serial_shops, nicolae_shop_stone,
          minmay_door_square, serial_bayou_pond_a, minmay_crossroads,
          uniq_menkaure
D:5:      layout_basic, grunt_gozag_statues, minmay_temple_entry_trees,
          portal_sewer_entry_b
D:6:      layout_basic, minivault_14, minmay_misc_feat_square, uniq_eustachio
D:7:      statuecave_lemuel, layout_layer_cave,
          mainiacjoe_overflow_small_starburst, chequers_jeans,
          grunt_ministairs_3
D:8:      mumra_celtic_spiral_tile, layout_rooms, lair_entry_dummy,
          enter_bailey_5
D:9:      kennysheep_six_static_rooms, layout_stronghold,
          lemuel_coloured_pillars_altar, gammafunk_ghost_necromancy,
          uniq_prince_ribbit1
D:10:     minmay_coctagon, layout_loops_ring, nzn_hepliaklqana_mist_gate
D:11:     layout_basic, david_orc_1_choice, serial_shops, nicolae_stop_n_shop_2,
          kennysheep_dice
D:12:     layout_stronghold, uniq_nergalle
Temple:   compressed_dpeg_circular_temple
Lair:1:   layout_chaotic_city, serial_rivers, chequers_serial_rivers_large_a,
          chequers_serial_rivers_micro_a, chequers_serial_rivers_small_3,
          chequers_serial_rivers_micro_d, nicolae_lair_lindhole
Lair:2:   layout_regular_city, dummy_snake_entry, nicolae_lair_lakeside_cave,
          serial_bayou_shore_b
Lair:3:   layout_gridlike, serial_bayou_ford_a, pf_torpor_hydra,
          serial_bayou_shore_b, grunt_megastairs_2
Lair:4:   layout_big_grid, skrybe_swamp_entry_bodies, small_statue_intersection,
          serial_bayou_shore_a, grunt_megastairs_3
Lair:5:   layout_regular_city, minmay_slime_entry_oklob_open, basic_altar,
          gammafunk_ghost_cemetery, chequers_serial_rivers_small_b,
          lemuel_fruit_fields
Lair:6:   gammafunk_lair_ancient_temple, layout_regular_city, basic_altar
Orc:1:    layout_caves, portal_ice_cave_demonic_guard
Orc:2:    st_orc_open, layout_caves, serial_shops,
          nicolae_shop_bloodbath_and_beyond

Skill      XL: |  1  2  3  4  5  6  7  8  9 10 11 12 13 14 15 16 |
---------------+-------------------------------------------------+-----
Long Blades    | 3 4 6 7 9 11 13 14 | 14.0
Dodging        | 2 4 6 8 9 10 | 10.9
Fighting       | 4 6 7 9 11 13 14 15 | 15.3
Armour         | 4 6 7 9 10 11 12 | 12.7
Shields        | 4 6 7 9 10 11 12 | 12.9
Invocations    | 1 4 6 7 8 9 |  9.2
Throwing       | 3 5 6 7 |  7.9
Evocations     | 2 4 5 6 |  6.4

Action                   |  1- 3 |  4- 6 |  7- 9 | 10-12 | 13-15 | 16-18 || total
-------------------------+-------+-------+-------+-------+-------+-------++-------
Melee: Long sword        |    78 |    93 |   241 |       |       |       ||   412
       Headbutt          |    11 |    13 |    65 |   141 |   144 |   100 ||   474
       Scimitar          |       |       |   105 |   577 |   458 |   356 ||  1496
       Whip              |       |       |       |    14 |    40 |       ||    54
Throw: Dart              |       |       |     6 |    13 |       |       ||    19
       Boomerang         |       |       |    21 |    27 |    24 |    12 ||    84
 Cast: Apportation       |       |       |       |       |     3 |       ||     3
Invok: Heroism           |       |       |       |    12 |    13 |     5 ||    30
       Finesse           |       |       |       |     2 |     2 |     1 ||     5
Evoke: Wand              |       |       |       |     3 |     1 |       ||     4
       Lightning rod     |       |       |       |       |       |     4 ||     4
  Use: Scroll            |     3 |     2 |    11 |     8 |     5 |     2 ||    31
       Potion            |     1 |     1 |     2 |     2 |     3 |     1 ||    10
 Stab: Invisible         |       |       |       |       |    11 |       ||    11
       Petrified         |       |       |       |       |     6 |       ||     6
       Petrifying        |       |       |       |       |     1 |       ||     1
Armor: Scale mail        |    29 |    49 |    21 |       |       |       ||    99
       Plate armour      |       |       |   184 |   324 |   254 |   115 ||   877
       Ice dragon scales |       |       |       |       |       |    23 ||    23
Dodge: Dodged            |    35 |    55 |    93 |   231 |   179 |   120 ||   713
Block: Buckler           |    15 |    23 |    72 |   170 |   174 |   174 ||   628
       Reflection        |       |       |       |       |       |     5 ||     5
